[Event "Asian Amateur Rapid Women 2024"]
[Site "Al Ain"]
[Date "2024.12.15"]
[Round "1.1"]
[White "Zhumabek, Nursaya"]
[Black "Charomova, Evguenia"]
[Result "1-0"]
[ECO "D02"]
[WhiteElo "1448"]
[BlackElo "1870"]
[Annotator "NA RC"]
[PlyCount "61"]
[EventDate "2024.12.15"]
[EventType "swiss"]
[EventCountry "UAE"]
[SourceTitle "playchess.com"]
[Source "ChessBase"]
[SourceQuality "1"]
[TimeControl "900+10"]

1. Nf3 c5 2. g3 d5 3. Bg2 Nc6 4. d4 c4 5. Nc3 Nf6 6. O-O e6 7. Bf4 a6 8. Re1 b5 9. a3 Be7 10. e4 O-O 11. exd5 exd5 12. Ne5 Bb7 13. Bg5 Na7 14. Bxf6 Bxf6 15. Qf3 Nc8 16. Nxd5 Bxe5 17. dxe5 Nb6 18. Nf6+ gxf6 19. Qxb7 fxe5 20. Rxe5 Rb8 21. Qe4 Qf6 22. Rh5 Qg7 23. Qf5 f6 24. Be4 Rf7 25. Rh4 Kh8 26. Qf4 Rd8 27. Rxh7+ Qxh7 28. Bxh7 Kxh7 29. Re1 a5 30. Qf5+ Kg7 31. Qxb5 1-0

[Event "Asian Amateur Rapid Women 2024"]
[Site "Al Ain"]
[Date "2024.12.15"]
[Round "1.2"]
[White "Saeidpour, Mona"]
[Black "Latifah, Darmaki"]
[Result "1-0"]
[ECO "D51"]
[WhiteElo "1905"]
[BlackElo "1540"]
[Annotator "RC"]
[PlyCount "53"]
[EventDate "2024.12.15"]
[EventType "swiss"]
[EventCountry "UAE"]
[SourceTitle "playchess.com"]
[Source "ChessBase"]
[SourceQuality "1"]
[TimeControl "900+10"]

1. d4 Nf6 2. c4 e6 3. Nc3 d5 4. Bg5 Be7 5. Nf3 O-O 6. e3 c6 7. cxd5 cxd5 8. Bd3 Nbd7 9. O-O Re8 10. Qc2 h6 11. Bh4 a6 12. Bg3 b5 13. Nxb5 Bb7 14. Nc7 Rc8 15. Nxe8 Rxc2 16. Nxf6+ Nxf6 17. Bxc2 Qa5 18. a3 Ne4 19. b4 Qb6 20. Bxe4 dxe4 21. Nd2 Bc6 22. Rfc1 f5 23. Rc3 g5 24. Rac1 Bd5 25. Nc4 Qb5 26. Ne5 Bd6 27. h3 1-0

[Event "Asian Amateur Rapid Women 2024"]
[Site "Al Ain"]
[Date "2024.12.15"]
[Round "1.5"]
[White "Rani Puja"]
[Black "Antonova, Nadezhda"]
[Result "0-1"]
[ECO "B92"]
[WhiteElo "1478"]
[BlackElo "1989"]
[Annotator "RC"]
[PlyCount "58"]
[EventDate "2024.12.15"]
[EventType "swiss"]
[EventCountry "UAE"]
[SourceTitle "playchess.com"]
[Source "ChessBase"]
[SourceQuality "1"]
[TimeControl "900+10"]

1. e4 c5 2. Nf3 d6 3. d4 cxd4 4. Nxd4 Nf6 5. Nc3 a6 6. Be2 e5 7. Nb3 Be7 8. O-O O-O 9. f4 exf4 10. Bxf4 Nc6 11. Kh1 Be6 12. Qe1 Qc7 13. Qg3 Kh8 14. Rad1 Rfd8 15. Bg5 Rac8 16. Rf2 b5 17. a3 Ne5 18. Nd4 Nc4 19. Rdf1 Nxb2 20. Rxf6 gxf6 21. Nxe6 fxe6 22. Bh6 Rg8 23. Qh3 Qxc3 24. Qxe6 Qe5 25. Qh3 Rxc2 26. Bf3 Nd3 27. Be3 d5 28. Bd1 Rcxg2 29. Rg1 Qxe4 0-1

[Event "Asian Amateur Rapid Women 2024"]
[Site "Al Ain"]
[Date "2024.12.15"]
[Round "1.7"]
[White "Olandag, Meghan Gabrielle"]
[Black "Ahlam Rashed"]
[Result "0-1"]
[ECO "C45"]
[WhiteElo "1479"]
[BlackElo "1987"]
[Annotator "RC"]
[PlyCount "108"]
[EventDate "2024.12.15"]
[EventType "swiss"]
[EventCountry "UAE"]
[SourceTitle "playchess.com"]
[Source "ChessBase"]
[SourceQuality "1"]
[TimeControl "900+10"]

1. e4 e5 2. Nf3 Nc6 3. d4 exd4 4. Nxd4 Qf6 5. Nxc6 Bc5 6. Qd2 dxc6 7. Bd3 Bd7 8. Qf4 O-O-O 9. Qxf6 Nxf6 10. Bg5 h6 11. Bxf6 gxf6 12. Nc3 Rhg8 13. g3 Bg4 14. Ne2 Bb4+ 15. Nc3 Bf3 16. Rf1 Rge8 17. a3 Bxe4 18. Kd1 Bxc3 19. bxc3 Bxd3 20. cxd3 Rxd3+ 21. Kc2 Rf3 22. Rad1 Re2+ 23. Rd2 Rxd2+ 24. Kxd2 c5 25. a4 c6 26. h4 Kc7 27. Re1 Rxf2+ 28. Ke3 Rf5 29. Kd2 Re5 30. Rf1 f5 31. g4 fxg4 32. Rxf7+ Kb6 33. Rf6 h5 34. Rf7 g3 35. Rg7 Re4 36. Rxg3 Rxh4 37. Kd3 Rxa4 38. Rh3 h4 39. Rh1 Rg4 40. Rb1+ Kc7 41. Rf1 a5 42. Rf7+ Kb6 43. c4 a4 44. Kc3 h3 45. Rh7 Rg3+ 46. Kb2 a3+ 47. Ka2 Ka6 48. Rh8 b5 49. cxb5+ cxb5 50. Rh6+ Ka5 51. Rh8 Kb4 52. Rh4+ c4 53. Rh5 Rg2+ 54. Ka1 h2 0-1

[Event "Asian Amateur Rapid Women 2024"]
[Site "Al Ain"]
[Date "2024.12.15"]
[Round "1.9"]
[White "Shamsa, Amer"]
[Black "Al Dhaffari, Salma"]
[Result "1-0"]
[ECO "B22"]
[WhiteElo "1465"]
[BlackElo "1619"]
[Annotator "NA"]
[PlyCount "75"]
[EventDate "2024.12.15"]
[EventType "swiss"]
[EventCountry "UAE"]
[SourceTitle "playchess.com"]
[Source "ChessBase"]
[SourceQuality "1"]
[TimeControl "900+10"]

1. e4 c5 2. Nf3 e6 3. c3 Nc6 4. d4 cxd4 5. cxd4 a6 6. Nc3 Bb4 7. Bd2 Nf6 8. Bd3 O-O 9. O-O d5 10. e5 Nd7 11. Qc2 h6 12. Rfe1 b5 13. Be3 Bb7 14. a3 Be7 15. Rac1 Rc8 16. Qb1 Na5 17. b4 Nc4 18. Qa2 Nxe3 19. fxe3 Nb6 20. Bb1 Nc4 21. Nd2 Bg5 22. Nxc4 dxc4 23. Qc2 g6 24. Ne4 Bxe4 25. Qxe4 Qd5 26. Qg4 Kh7 27. h4 Be7 28. h5 Rg8 29. Rf1 Rcf8 30. hxg6+ fxg6 31. Rxf8 Bxf8 32. Rf1 Qd8 33. Rf7+ Kh8 34. Bxg6 Bg7 35. Qh5 Qg5 36. Qxg5 hxg5 37. Ra7 Bxe5 38. Rh7# 1-0

[Event "Asian Amateur Rapid Women 2024"]
[Site "Al Ain"]
[Date "2024.12.15"]
[Round "1.10"]
[White "Wijesuriya, G P Y"]
[Black "Mikheeva, Vasilisa"]
[Result "1-0"]
[ECO "B23"]
[WhiteElo "1867"]
[BlackElo "1436"]
[Annotator "NA RC"]
[PlyCount "79"]
[EventDate "2024.12.15"]
[EventType "swiss"]
[EventCountry "UAE"]
[SourceTitle "playchess.com"]
[Source "ChessBase"]
[SourceQuality "1"]
[TimeControl "900+10"]

1. e4 c5 2. Nc3 e6 3. f4 a6 4. Nf3 b5 5. d3 Bb7 6. Be3 Nc6 7. e5 d6 8. Ne4 dxe5 9. fxe5 Qc7 10. Bxc5 Bxc5 11. Nxc5 Nxe5 12. Nxb7 Nxf3+ 13. Qxf3 Rb8 14. Qg4 Qe5+ 15. Be2 Rxb7 16. O-O Nh6 17. Qf3 O-O 18. Qxb7 Qxe2 19. Rac1 Qe5 20. h3 Nf5 21. Rfe1 Qxb2 22. Qxa6 Qd4+ 23. Kh2 Qd5 24. Qb6 Rc8 25. c4 bxc4 26. dxc4 Qa8 27. c5 Qxa2 28. Qb7 Rd8 29. c6 Nd6 30. Qc7 Qa8 31. Rcd1 h6 32. Rxd6 Rxd6 33. Qxd6 Qc8 34. c7 Kh7 35. Qd8 Qxd8 36. cxd8=Q g6 37. Qf6 Kg8 38. Rd1 Kh7 39. Rd8 h5 40. Rh8# 1-0

[Event "Asian Amateur Rapid Women 2024"]
[Site "Al Ain"]
[Date "2024.12.15"]
[Round "1.12"]
[White "Daneshpour, Aram"]
[Black "Lulwa Khalifa Alhammadi"]
[Result "1-0"]
[ECO "B54"]
[WhiteElo "1563"]
[BlackElo "1621"]
[Annotator "NA"]
[PlyCount "57"]
[EventDate "2024.12.15"]
[EventType "swiss"]
[EventCountry "UAE"]
[SourceTitle "playchess.com"]
[Source "ChessBase"]
[SourceQuality "1"]
[TimeControl "900+10"]

1. e4 c5 2. Nf3 Nc6 3. d4 cxd4 4. Nxd4 Nf6 5. Nc3 e5 6. Nf5 d6 7. Bg5 Bxf5 8. exf5 Nd4 9. g4 Qb6 10. Bd3 Qc6 11. Rf1 Nf3+ 12. Ke2 Nxg5 13. Bb5 Qxb5+ 14. Nxb5 Kd7 15. f3 a6 16. Nc3 e4 17. Nxe4 Ngxe4 18. fxe4 Re8 19. Kf3 Rxe4 20. g5 Re5 21. gxf6 Rxf5+ 22. Kg2 Rxf6 23. Rxf6 gxf6 24. Qg4+ Kc7 25. Qc4+ Kb6 26. Qxf7 Bh6 27. Rd1 Bf4 28. Qxf6 Rg8+ 29. Kf3 1-0

[Event "Asian Amateur Rapid Women 2024"]
[Site "Al Ain"]
[Date "2024.12.15"]
[Round "1.15"]
[White "Al Khoori, Noora Mahmood Abdull"]
[Black "Bhandari, Pooja"]
[Result "1-0"]
[ECO "C02"]
[WhiteElo "1513"]
[BlackElo "1684"]
[Annotator "NA"]
[PlyCount "71"]
[EventDate "2024.12.15"]
[EventType "swiss"]
[EventCountry "UAE"]
[SourceTitle "playchess.com"]
[Source "ChessBase"]
[SourceQuality "1"]
[TimeControl "900+10"]

1. e4 e6 2. d4 d5 3. e5 c5 4. f4 Qb6 5. Nf3 Bd7 6. b3 Bb5 7. Bxb5+ Qxb5 8. Nc3 Qc6 9. Bb2 Ne7 10. O-O Nf5 11. Qd3 Be7 12. Rad1 O-O 13. g4 Nh6 14. h3 Nd7 15. Bc1 Nb6 16. f5 exf5 17. Bxh6 Qxh6 18. Qxf5 Qe3+ 19. Rf2 Qxc3 20. Rd3 Qa1+ 21. Kg2 cxd4 22. e6 g6 23. exf7+ Rxf7 24. Qe6 Kg7 25. Rf1 Qxa2 26. Rxd4 Qxc2+ 27. Rd2 Qxb3 28. Qe5+ Bf6 29. Qe6 Re7 30. Qd6 Rae8 31. g5 Rd7 32. gxf6+ Kh8 33. Qf4 Rf7 34. Ng5 Rff8 35. f7 Re3 36. Qf6# 1-0

[Event "Asian Amateur Rapid Women 2024"]
[Site "Al Ain"]
[Date "2024.12.15"]
[Round "1.16"]
[White "Joshi, Sindira"]
[Black "Rowdah Ghalib Alafeefi"]
[Result "1/2-1/2"]
[ECO "C56"]
[WhiteElo "1735"]
[BlackElo "1450"]
[Annotator "NA"]
[PlyCount "169"]
[EventDate "2024.12.15"]
[EventType "swiss"]
[EventCountry "UAE"]
[SourceTitle "playchess.com"]
[Source "ChessBase"]
[SourceQuality "1"]
[TimeControl "900+10"]

1. e4 e5 2. Nf3 Nc6 3. d4 exd4 4. Bc4 Nf6 5. e5 d5 6. Bb5 Ne4 7. Nxd4 Bd7 8. Bxc6 bxc6 9. O-O Bc5 10. f3 Ng5 11. f4 Ne4 12. Be3 Bb6 13. Nd2 Nxd2 14. Qxd2 O-O 15. Kh1 c5 16. Nb3 d4 17. Bg1 Bc6 18. f5 Kh8 19. f6 Rg8 20. Bf2 gxf6 21. Bg3 Rg6 22. exf6 Qd5 23. c3 d3 24. Rad1 a5 25. Rf3 a4 26. Rxd3 Qe4 27. Nc1 Rag8 28. Re1 Qf5 29. Rd8 c4 30. Rxg8+ Rxg8 31. Ne2 Bb7 32. Nd4 Qd5 33. Re2 Qh5 34. Kg1 Qg6 35. Qe1 Qg5 36. Re8 Qg6 37. Rxg8+ Qxg8 38. Qf2 Qg6 39. h3 Qg5 40. Qf4 Qd5 41. Qf2 Ba7 42. Qe2 Qd7 43. Qe7 Qc8 44. Qxf7 Qg8 45. Qxg8+ Kxg8 46. Bxc7 Kf7 47. Be5 Bb6 48. Kf1 Bd8 49. Nf5 Bxf6 50. Bxf6 Kxf6 51. Nd6 Bd5 52. Kf2 Kg5 53. Nb5 Kf4 54. Nd4 Ke5 55. g3 Ke4 56. Ke2 Bb7 57. a3 Bc8 58. h4 Ke5 59. Ke3 Kf6 60. Kf4 Kg6 61. Nc6 Kh5 62. Ne5 Be6 63. Nc6 Bd7 64. Na5 Be6 65. Nb7 Bd7 66. Nc5 Bc6 67. Ne6 Bd7 68. Ng7+ Kg6 69. Ke4 Kxg7 70. Ke5 Bg4 71. Kd5 Be2 72. Kc5 Kf7 73. g4 Ke6 74. Kb4 Kd6 75. Kxa4 Bxg4 76. Kb4 Be6 77. Kb5 Kc7 78. h5 h6 79. a4 Kb8 80. Kb6 Bf7 81. Kc5 Ka7 82. Kb5 Ka8 83. Kc5 Ka7 84. Kb5 Ka8 85. Kc5 1/2-1/2

[Event "Asian Amateur Rapid Women 2024"]
[Site "Al Ain"]
[Date "2024.12.15"]
[Round "1.17"]
[White "Mera Abdulaziz Aidarous"]
[Black "Asudani Ruhani Raj"]
[Result "0-1"]
[ECO "B24"]
[WhiteElo "1584"]
[BlackElo "1613"]
[Annotator "NA"]
[PlyCount "66"]
[EventDate "2024.12.15"]
[EventType "swiss"]
[EventCountry "UAE"]
[SourceTitle "playchess.com"]
[Source "ChessBase"]
[SourceQuality "1"]
[TimeControl "900+10"]

1. e4 c5 2. Nc3 Nc6 3. d3 Nf6 4. g3 g6 5. Be3 d6 6. Qd2 Bg7 7. f3 O-O 8. Bh6 d5 9. h4 dxe4 10. Bxg7 Kxg7 11. Nxe4 Qc7 12. Ne2 Nd4 13. Nxd4 cxd4 14. Rg1 Bd7 15. g4 Rac8 16. O-O-O Ba4 17. b3 Bd7 18. h5 Nxe4 19. fxe4 Qd6 20. Kb2 Rc6 21. Be2 Rfc8 22. Rc1 Ra6 23. a4 b5 24. a5 Rc3 25. Ra1 Qb4 26. Qf4 Rf6 27. Qc1 Rf2 28. Qe1 Rf6 29. Qg3 Rfc6 30. Rgc1 Be6 31. Ra3 Bxb3 32. Rxb3 Rxb3+ 33. cxb3 Qd2+ 0-1

[Event "Asian Amateur Rapid Women 2024"]
[Site "Al Ain"]
[Date "2024.12.15"]
[Round "1.18"]
[White "Almaamari, Zainab Darwish"]
[Black "Prakash, Sadhana"]
[Result "0-1"]
[ECO "C54"]
[WhiteElo "1751"]
[BlackElo "1408"]
[Annotator "NA"]
[PlyCount "100"]
[EventDate "2024.12.15"]
[EventType "swiss"]
[EventCountry "UAE"]
[SourceTitle "playchess.com"]
[Source "ChessBase"]
[SourceQuality "1"]
[TimeControl "900+10"]

1. e4 e5 2. Nf3 Nc6 3. Bc4 Bc5 4. c3 Nf6 5. d4 exd4 6. b4 Bb6 7. e5 d5 8. exf6 dxc4 9. Qe2+ Be6 10. fxg7 Rg8 11. b5 Ne7 12. cxd4 Bxd4 13. Nxd4 Qxd4 14. Bb2 Qc5 15. Nc3 O-O-O 16. O-O Nf5 17. Qh5 Qb4 18. Rab1 Nxg7 19. Qxh7 Bf5 20. Qh4 Bxb1 21. Rxb1 Qc5 22. a4 Rh8 23. Qg4+ Ne6 24. Ne4 Qh5 25. Qg3 Rdg8 26. Qe5 Qxe5 27. Bxe5 Rh5 28. Nf6 Rxe5 29. Nxg8 Nc5 30. a5 Nb3 31. Rd1 c3 32. f4 c2 33. Rf1 Nd2 34. Rc1 Rc5 35. b6 axb6 36. axb6 cxb6 37. Nh6 Nb3 38. Re1 c1=Q 39. Rxc1 Rxc1+ 40. Kf2 Rc2+ 41. Kg3 Rc7 42. f5 Nd4 43. f6 b5 44. Ng8 b4 45. Ne7+ Rxe7 46. fxe7 Kd7 47. h4 Nf5+ 48. Kg4 Nxh4 49. Kxh4 b3 50. g4 b2 0-1

[Event "Asian Amateur Rapid Women 2024"]
[Site "Al Ain"]
[Date "2024.12.15"]
[Round "2.1"]
[White "Asudani Ruhani Raj"]
[Black "Saeidpour, Mona"]
[Result "1-0"]
[ECO "C02"]
[WhiteElo "1613"]
[BlackElo "1905"]
[Annotator "RC"]
[PlyCount "147"]
[EventDate "2024.12.15"]
[EventType "swiss"]
[EventCountry "UAE"]
[SourceTitle "playchess.com"]
[Source "ChessBase"]
[SourceQuality "1"]
[TimeControl "900+10"]

1. d4 d5 2. c4 c6 3. cxd5 cxd5 4. Nc3 Nc6 5. e4 e6 6. e5 Nge7 7. Nf3 Ng6 8. Bd3 Be7 9. O-O O-O 10. Be3 a6 11. Rc1 Bd7 12. Nd2 Rc8 13. f4 Na5 14. f5 exf5 15. Nxd5 Bg5 16. Qe2 Bc6 17. Bxf5 Qxd5 18. Bxg5 Qxd4+ 19. Be3 Qxe5 20. Bxc8 Rxc8 21. Nf3 Qe7 22. Qd2 Rd8 23. Qc3 Bb5 24. Rfe1 Rd3 25. Qc8+ Qf8 26. Qxf8+ Nxf8 27. Rc8 Nc6 28. Rxf8+ Kxf8 29. Bc5+ Ne7 30. Bxe7+ Kg8 31. Bc5 h6 32. h3 Bc6 33. Ne5 Rd5 34. Nxc6 Rxc5 35. Ne7+ Kf8 36. g4 Rc2 37. Nf5 Rxb2 38. a3 Rb3 39. Re3 Rb1+ 40. Kf2 a5 41. Nd6 g6 42. Re8+ Kg7 43. Re7 Rb2+ 44. Kf3 Rb3+ 45. Re3 Rb6 46. Nc4 Ra6 47. Re5 Rf6+ 48. Ke3 b6 49. Kd4 Rf3 50. Re3 Rf6 51. Rb3 Rf4+ 52. Kd5 h5 53. gxh5 gxh5 54. Nxb6 h4 55. Nc4 Kg6 56. Re3 f6 57. Kc5 Rf5+ 58. Kb6 a4 59. Nb2 Rg5 60. Nxa4 Rg3 61. Rxg3+ hxg3 62. Nc3 g2 63. Ne2 Kg5 64. a4 f5 65. a5 f4 66. Ng1 Kh4 67. a6 Kg3 68. a7 Kh2 69. Nf3+ Kxh3 70. a8=Q Kg3 71. Kc5 Kf2 72. Kd4 g1=Q 73. Nxg1 Kxg1 74. Qf3 1-0

[Event "Asian Amateur Rapid Women 2024"]
[Site "Al Ain"]
[Date "2024.12.15"]
[Round "2.2"]
[White "Sabirova, Shakhnoza"]
[Black "Sananda R"]
[Result "1/2-1/2"]
[ECO "C62"]
[WhiteElo "1903"]
[BlackElo "1696"]
[Annotator "RC"]
[PlyCount "151"]
[EventDate "2024.12.15"]
[EventType "swiss"]
[EventCountry "UAE"]
[SourceTitle "playchess.com"]
[Source "ChessBase"]
[SourceQuality "1"]
[TimeControl "900+10"]

1. e4 e5 2. Nf3 Nc6 3. Nc3 Nf6 4. Bb5 d6 5. d4 exd4 6. Nxd4 Bd7 7. O-O Nxd4 8. Bxd7+ Qxd7 9. Qxd4 Be7 10. h3 O-O 11. Be3 a6 12. Rad1 Rad8 13. Ne2 Qc6 14. Ng3 Rfe8 15. Rfe1 Nd7 16. Nh5 Bf6 17. Nxf6+ Nxf6 18. Bg5 Re6 19. c4 Rde8 20. f3 Nd7 21. b3 h6 22. Bc1 f5 23. Bb2 Nf6 24. e5 dxe5 25. Qf2 e4 26. Bxf6 Rxf6 27. Rd5 Qe6 28. Qd4 Qc6 29. fxe4 fxe4 30. Rxe4 Rxe4 31. Qxe4 Rf8 32. Kh2 Qf6 33. Rd3 b6 34. Qd5+ Kh8 35. Rg3 a5 36. Rf3 Qe7 37. Rd3 Qf6 38. Qd7 Qf4+ 39. Rg3 Qe5 40. a3 Rg8 41. b4 axb4 42. axb4 Qf4 43. Qg4 Qxg4 44. Rxg4 Re8 45. Rd4 Re7 46. Kg3 Kg8 47. Kf4 Kf7 48. g4 Kf6 49. Rd5 g5+ 50. Kf3 Kg6 51. Rd4 Kf6 52. Re4 Rd7 53. Ke2 Rd6 54. Re8 Rd4 55. Rf8+ Kg7 56. Rc8 Rxc4 57. b5 Rc5 58. Kf3 Kf6 59. Rf8+ Kg6 60. Rc8 Rxb5 61. Rxc7 Rc5 62. Rb7 Rc6 63. Ke4 Kf6 64. Rh7 Kg6 65. Rb7 Kf6 66. Rh7 Kg6 67. Rb7 Re6+ 68. Kd5 Rf6 69. Ke5 Rc6 70. Kd5 Rc5+ 71. Kd6 Rb5 72. Rb8 Rb3 73. Ke5 b5 74. Rb6+ Kg7 75. Rb7+ Kg6 76. Rb6+ 1/2-1/2

[Event "Asian Amateur Rapid Women 2024"]
[Site "Al Ain"]
[Date "2024.12.15"]
[Round "2.3"]
[White "Smaraki, Mohanty"]
[Black "Zhumabek, Nursaya"]
[Result "1-0"]
[ECO "E61"]
[WhiteElo "1745"]
[BlackElo "1448"]
[Annotator "NA RC"]
[PlyCount "65"]
[EventDate "2024.12.15"]
[EventType "swiss"]
[EventCountry "UAE"]
[SourceTitle "playchess.com"]
[Source "ChessBase"]
[SourceQuality "1"]
[TimeControl "900+10"]

1. c4 e5 2. Nc3 Nf6 3. g3 g6 4. Bg2 Bg7 5. e3 O-O 6. Nge2 d6 7. O-O Nc6 8. d4 exd4 9. exd4 Bf5 10. a3 a5 11. h3 Re8 12. g4 Be4 13. f3 Bxf3 14. Rxf3 Nd7 15. Bf4 Nb6 16. d5 Ne5 17. Bxe5 Rxe5 18. Qd3 Qe7 19. Raf1 f6 20. Nd4 Rf8 21. Ne6 Rf7 22. b3 Nd7 23. Ne4 Nc5 24. N4xc5 dxc5 25. Re3 Qd6 26. Rxe5 Qxe5 27. Qe4 Qb2 28. Nd8 Rf8 29. Qe6+ Kh8 30. Nf7+ Rxf7 31. Qxf7 h6 32. Qxg6 Qxb3 33. Qe8+ 1-0

[Event "Asian Amateur Rapid Women 2024"]
[Site "Al Ain"]
[Date "2024.12.15"]
[Round "2.4"]
[White "Antonova, Nadezhda"]
[Black "Shamsa, Amer"]
[Result "1-0"]
[ECO "A06"]
[WhiteElo "1989"]
[BlackElo "1465"]
[Annotator "RC"]
[PlyCount "35"]
[EventDate "2024.12.15"]
[EventType "swiss"]
[EventCountry "UAE"]
[SourceTitle "playchess.com"]
[Source "ChessBase"]
[SourceQuality "1"]
[TimeControl "900+10"]

1. Nf3 d5 2. b3 Nc6 3. Bb2 Nf6 4. e3 Bf5 5. Bb5 Bd7 6. O-O e6 7. d4 Bd6 8. Nbd2 O-O 9. Bd3 Re8 10. Ne5 Qe7 11. a3 Bc8 12. f4 Bxe5 13. fxe5 Nd7 14. Qh5 h6 15. Rf3 Rf8 16. Raf1 Nd8 17. Rg3 Kh8 18. Rf4 1-0

[Event "Asian Amateur Rapid Women 2024"]
[Site "Al Ain"]
[Date "2024.12.15"]
[Round "2.5"]
[White "Marksim Karki Abirami, Sriiyukthaa"]
[Black "Hotami, Mutriba"]
[Result "1-0"]
[ECO "E90"]
[WhiteElo "1466"]
[BlackElo "1882"]
[Annotator "NA RC"]
[PlyCount "93"]
[EventDate "2024.12.15"]
[EventType "swiss"]
[EventCountry "UAE"]
[SourceTitle "playchess.com"]
[Source "ChessBase"]
[SourceQuality "1"]
[TimeControl "900+10"]

1. d4 Nf6 2. c4 g6 3. Nc3 Bg7 4. e4 d6 5. Nf3 O-O 6. Bd3 Nc6 7. Be3 e5 8. d5 Ne7 9. O-O Ng4 10. Nd2 f5 11. exf5 gxf5 12. h3 Nxe3 13. fxe3 e4 14. Bc2 Ng6 15. Rb1 Qg5 16. Qe2 Be5 17. Qf2 Bg3 18. Qe2 Nh4 19. Ndxe4 fxe4 20. Rxf8+ Kxf8 21. Nxe4 Qe5 22. Rf1+ Kg7 23. Nxg3 Qxg3 24. Qf2 Qxf2+ 25. Rxf2 Bd7 26. Bxh7 Re8 27. e4 Re7 28. Bf5 Nxf5 29. exf5 Re4 30. b3 Kf6 31. g4 Kg5 32. Kg2 b5 33. f6 Re8 34. Kg3 bxc4 35. h4+ Kg6 36. bxc4 Re3+ 37. Kg2 Kf7 38. g5 Re4 39. g6+ Kf8 40. h5 Rh4 41. f7 Rg4+ 42. Kf1 Rg5 43. Rf6 Rf5+ 44. Rxf5 Bxf5 45. Kf2 Bg4 46. h6 Bf5 47. h7 1-0

[Event "Asian Amateur Rapid Women 2024"]
[Site "Al Ain"]
[Date "2024.12.15"]
[Round "2.6"]
[White "Ahlam Rashed"]
[Black "Al Khoori, Noora Mahmood Abdull"]
[Result "1-0"]
[ECO "D41"]
[WhiteElo "1987"]
[BlackElo "1513"]
[Annotator "RC"]
[PlyCount "43"]
[EventDate "2024.12.15"]
[EventType "swiss"]
[EventCountry "UAE"]
[SourceTitle "playchess.com"]
[Source "ChessBase"]
[SourceQuality "1"]
[TimeControl "900+10"]

1. Nf3 Nf6 2. c4 c5 3. Nc3 Nc6 4. d4 d5 5. cxd5 Nxd5 6. e4 Nxc3 7. bxc3 e6 8. d5 exd5 9. exd5 Qe7+ 10. Be3 Ne5 11. Bb5+ Bd7 12. Bxd7+ Nxd7 13. O-O O-O-O 14. Qa4 Kb8 15. Rab1 Rc8 16. Rfe1 Ka8 17. Bf4 Qd8 18. Rb3 Nb6 19. Qxa7+ Kxa7 20. Ra3+ Na4 21. Rxa4+ Kb6 22. Rb1# 1-0

[Event "Asian Amateur Rapid Women 2024"]
[Site "Al Ain"]
[Date "2024.12.15"]
[Round "2.8"]
[White "Prakash, Sadhana"]
[Black "Wijesuriya, G P Y"]
[Result "0-1"]
[ECO "D00"]
[WhiteElo "1408"]
[BlackElo "1867"]
[Annotator "NA RC"]
[PlyCount "112"]
[EventDate "2024.12.15"]
[EventType "swiss"]
[EventCountry "UAE"]
[SourceTitle "playchess.com"]
[Source "ChessBase"]
[SourceQuality "1"]
[TimeControl "900+10"]

1. d4 d5 2. Bf4 Nf6 3. e3 c5 4. c3 Nc6 5. Nd2 Qb6 6. Qb3 c4 7. Qc2 g6 8. Ngf3 Bf5 9. Qc1 Bg7 10. Be2 O-O 11. O-O Nh5 12. Bg3 Nxg3 13. hxg3 e5 14. dxe5 Nxe5 15. Nd4 Bd3 16. Bxd3 Nxd3 17. Qc2 Qxb2 18. Qxb2 Nxb2 19. Rab1 Na4 20. Rfc1 b6 21. N2f3 Rfd8 22. Rb4 Nc5 23. Rbb1 Ne4 24. Nc6 Re8 25. Ncd4 Rac8 26. Rb5 Rc5 27. Rxc5 bxc5 28. Nb5 Rb8 29. Nc7 Nxc3 30. Kf1 Kf8 31. Nd2 Rb6 32. a3 Rc6 33. Nxd5 Nxd5 34. Rxc4 Nb6 35. Rc2 c4 36. Ke2 c3 37. Ne4 f5 38. Ng5 h6 39. Nf3 Nc4 40. a4 Na3 41. Rc1 c2 42. Ne1 Bb2 43. Rxc2 Nxc2 44. Nxc2 Rxc2+ 45. Kf3 Rc4 46. a5 Ra4 47. a6 Rxa6 48. g4 fxg4+ 49. Kxg4 Rc6 50. f4 a5 51. Kf3 a4 52. e4 a3 53. Kg4 a2 54. g3 a1=Q 55. e5 Bxe5 56. fxe5 Rc4+ 0-1

[Event "Asian Amateur Rapid Women 2024"]
[Site "Al Ain"]
[Date "2024.12.15"]
[Round "2.9"]
[White "Mariam Khalifa AlQubaisi"]
[Black "Daneshpour, Aram"]
[Result "1-0"]
[ECO "B28"]
[WhiteElo "1438"]
[BlackElo "1563"]
[Annotator "NA RC"]
[PlyCount "115"]
[EventDate "2024.12.15"]
[EventType "swiss"]
[EventCountry "UAE"]
[SourceTitle "playchess.com"]
[Source "ChessBase"]
[SourceQuality "1"]
[TimeControl "900+10"]

1. e4 c5 2. Nf3 a6 3. g3 Nc6 4. Bg2 e5 5. O-O Nf6 6. Re1 Be7 7. c3 O-O 8. d4 cxd4 9. cxd4 Bb4 10. Nc3 d6 11. d5 Bxc3 12. bxc3 Na5 13. Rb1 Nc4 14. Qa4 b5 15. Qd1 Bg4 16. h3 Bh5 17. Qd3 Nd7 18. Nd2 Nc5 19. Qc2 Nxd2 20. Bxd2 Qd7 21. f4 f6 22. c4 bxc4 23. Qxc4 Rfc8 24. Qf1 Rab8 25. Rxb8 Rxb8 26. Be3 Rb6 27. Bxc5 dxc5 28. Re3 Qb7 29. Rb3 Rxb3 30. axb3 a5 31. Qc4 Bf7 32. Qxc5 Qa8 33. d6 Bxb3 34. d7 Be6 35. Qe7 Bxd7 36. Qxd7 a4 37. Qd5+ Qxd5 38. exd5 a3 39. d6 Kf8 40. fxe5 fxe5 41. Bd5 Ke8 42. Kf2 Kd7 43. Ke3 Kxd6 44. Ke4 g6 45. g4 h6 46. h4 g5 47. hxg5 hxg5 48. Ba2 Ke7 49. Kxe5 Kf8 50. Kf5 Kg7 51. Kxg5 Kh7 52. Kf6 Kh8 53. Bf7 Kh7 54. g5 Kh8 55. g6 a2 56. g7+ Kh7 57. g8=Q+ Kh6 58. Qg6# 1-0

[Event "Asian Amateur Rapid Women 2024"]
[Site "Al Ain"]
[Date "2024.12.15"]
[Round "2.11"]
[White "Charomova, Evguenia"]
[Black "Joshi, Sindira"]
[Result "0-1"]
[ECO "C55"]
[WhiteElo "1870"]
[BlackElo "1735"]
[Annotator "NA RC"]
[PlyCount "59"]
[EventDate "2024.12.15"]
[EventType "swiss"]
[EventCountry "UAE"]
[SourceTitle "playchess.com"]
[Source "ChessBase"]
[SourceQuality "1"]
[TimeControl "900+10"]

1. e4 e5 2. Nf3 Nf6 3. Nc3 Bb4 4. Bc4 Nc6 5. a3 Bxc3 6. bxc3 Nxe4 7. Qe2 d5 8. Bb5 O-O 9. d3 Nxc3 10. Qd2 Nxb5 11. O-O Nbd4 12. Nxd4 Nxd4 13. Bb2 Nc6 14. f4 e4 15. f5 f6 16. g4 Ne5 17. dxe4 dxe4 18. Qf4 Nf3+ 19. Kh1 Ng5 20. h4 Nf3 21. Qg3 Qe7 22. a4 Bd7 23. Ba3 c5 24. a5 Bc6 25. Kg2 Rfd8 26. Rf2 Rd7 27. Kh3 Rad8 28. Raf1 Rd2 29. Rxd2 Rxd2 30. Rf2 0-1

[Event "Asian Amateur Rapid Women 2024"]
[Site "Al Ain"]
[Date "2024.12.15"]
[Round "2.12"]
[White "Rowdah Ghalib Alafeefi"]
[Black "Al Dhaffari, Salma"]
[Result "1-0"]
[ECO "B13"]
[WhiteElo "1450"]
[BlackElo "1619"]
[Annotator "NA RC"]
[PlyCount "63"]
[EventDate "2024.12.15"]
[EventType "swiss"]
[EventCountry "UAE"]
[SourceTitle "playchess.com"]
[Source "ChessBase"]
[SourceQuality "1"]
[TimeControl "900+10"]

1. d4 d5 2. Bf4 c5 3. c3 Nc6 4. e3 cxd4 5. exd4 Nf6 6. Nf3 e6 7. Bd3 Bd6 8. Bg3 O-O 9. O-O Bxg3 10. hxg3 Rb8 11. a4 a6 12. Qe2 Bd7 13. Re1 Ne7 14. Nbd2 b5 15. axb5 axb5 16. Ra7 Nc6 17. Raa1 b4 18. c4 dxc4 19. Nxc4 Ne7 20. Rec1 Ned5 21. Ne3 Nxe3 22. Qxe3 Nd5 23. Qe4 f5 24. Qe2 Qb6 25. Ne5 Bb5 26. Bxb5 Qxb5 27. Qxb5 Rxb5 28. Rc6 Rb6 29. Rxb6 Nxb6 30. Ra6 Rb8 31. Kf1 Kf8 32. Rxb6 1-0